| TOP OF THE 1ST |
|
Boston Red Sox batting - Pitching for Chicago White Sox : LHP John Candelaria
|
|
Pitching: LHP John Candelaria
|
|
|
Batting: LHB Claudell Washington
|
0-0: Called Strike 0-1: Ball 1-1: Fly out, F4 (Popup, 4D, EV 47.5 MPH)
|
|
Batting: SHB Dave Collins
|
0-0: SINGLE (Line Drive, 9S, EV 90.6 MPH)
|
|
Batting: SHB Reggie Smith
|
0-0: Called Strike 0-1: Called Strike 0-2: Ball 1-2: 2-RUN HOME RUN (Line Drive, 89XD, EV 101.9 MPH), Distance : 466 ft
|
|
Batting: LHB George Brett
|
0-0: Called Strike 0-1: SINGLE (Line Drive, 34D, EV 98.1 MPH)
|
|
Batting: RHB Richie Zisk
|
0-0: Called Strike 0-1: Ball 1-1: Foul Ball, location: 2F 1-2: Strikes out swinging
|
|
Batting: RHB Mark Grady
|
0-0: Ball 1-0: Ball 2-0: Ball 3-0: Called Strike 3-1: Fly out, F8 (Flyball, 8RD, EV 85.0 MPH)
|
| Top of the 1st over - 2 runs, 3 hits, 0 errors, 1 left on base; Boston 2 - Chicago 0 |
| BOTTOM OF THE 1ST |
|
Chicago White Sox batting - Pitching for Boston Red Sox : LHP Mark Thurmond
|
|
Pitching: LHP Mark Thurmond
|
|
|
Batting: SHB Dwayne Taggart
|
0-0: Swinging Strike 0-1: SINGLE (Groundball, 56D, EV 96.9 MPH)
|
|
Batting: RHB Jim Wynn
|
0-0: Called Strike Dwayne Taggart steals 2nd base (no throw) 0-1: Swinging Strike 0-2: Ball 1-2: Fly out, F8 (Flyball, 8RXD, EV 95.6 MPH) Runner from 2nd tags up, SAFE at 3rd, no throw by CF
|
|
Batting: RHB Brian Downing
|
0-0: Ball 1-0: Called Strike 1-1: DOUBLE (Flyball, 78XD, EV 100.0 MPH) Dwayne Taggart scores
|
|
Batting: RHB Tim Teufel
|
0-0: Called Strike 0-1: Ball 1-1: Ground out 5-3 (Groundball, 56, EV 81.9 MPH)
|
|
Batting: RHB Bob Bailey
|
0-0: Swinging Strike 0-1: Foul Ball, location: 2F 0-2: Fly out, F7 (Flyball, 7LS, EV 81.3 MPH)
|
| Bottom of the 1st over - 1 run, 2 hits, 0 errors, 1 left on base; Boston 2 - Chicago 1 |
| TOP OF THE 2ND |
|
Boston Red Sox batting - Pitching for Chicago White Sox : LHP John Candelaria
|
|
Batting: SHB Scotti Madison
|
0-0: Ball 1-0: Called Strike 1-1: Foul Ball, location: 2F 1-2: Ball 2-2: Foul Ball, location: 2F 2-2: Foul Ball, location: 2F 2-2: Foul Ball, location: 2F 2-2: Ground out 6-3 (Groundball, 6, EV 84.4 MPH)
|
|
Batting: LHB Daryl Sconiers
|
0-0: Ball 1-0: Called Strike 1-1: Swinging Strike 1-2: Strikes out swinging
|
|
Batting: SHB Harry Chappas
|
0-0: SINGLE (Groundball, 6S, EV 65.0 MPH) (infield hit)
|
|
Batting: LHB Claudell Washington
|
0-0: Ball 1-0: Ball 2-0: Called Strike 2-1: SINGLE (Groundball, 34D, EV 103.1 MPH) Harry Chappas to second Runner from 2nd tries for 3rd, SAFE, throw by RF made to third
|
|
Batting: SHB Dave Collins
|
0-0: Called Strike 0-1: Ground out 5-3 (Groundball, 56, EV 105.6 MPH)
|
| Top of the 2nd over - 0 runs, 2 hits, 0 errors, 2 left on base; Boston 2 - Chicago 1 |
| BOTTOM OF THE 2ND |
|
Chicago White Sox batting - Pitching for Boston Red Sox : LHP Mark Thurmond
|
|
Batting: LHB Ryan MacFarland
|
0-0: Ball 1-0: Ball 2-0: Called Strike 2-1: Foul Ball, location: 2F 2-2: DOUBLE (Flyball, 89D, EV 91.9 MPH)
|
|
Batting: RHB Jose Castro
|
0-0: Ball 1-0: Ball 2-0: DOUBLE (Line Drive, 9LD, EV 104.4 MPH) Ryan MacFarland scores
|
|
Batting: SHB Kevin King
|
0-0: Foul Ball, location: 2F 0-1: SINGLE (Line Drive, 78S, EV 98.8 MPH) Jose Castro to third Runner from 3rd tries for Home, SAFE, throw by LF to home
|
|
Batting: LHB Steve Christmas
|
0-0: Ground out U3 (Groundball, 34S, EV 68.1 MPH) Kevin King to second
|
|
Batting: SHB Dwayne Taggart
|
0-0: Ball 1-0: Ball 2-0: Ball 3-0: Base on Balls
|
|
Batting: RHB Jim Wynn
|
0-0: Called Strike 0-1: Ball 1-1: Foul Ball, location: 2F 1-2: Ball 2-2: Foul Ball, location: 2F 2-2: Reached on error, E5 (Groundball, 56S, EV 88.1 MPH) Kevin King to third Dwayne Taggart to second
|
|
Batting: RHB Brian Downing
|
0-0: Ball 1-0: Fielders Choice at 2nd, 4-6 (Groundball, 4, EV 85.0 MPH) Kevin King scores Dwayne Taggart to third
|
|
Batting: RHB Tim Teufel
|
0-0: Ball 1-0: Foul Ball, location: 2F 1-1: Swinging Strike 1-2: Ball 2-2: Ball 3-2: SINGLE (Groundball, 56D, EV 103.8 MPH) Dwayne Taggart scores Brian Downing to second Brian Downing to third
|
|
Batting: RHB Bob Bailey
|
0-0: Swinging Strike 0-1: Foul Ball, location: 2F 0-2: Foul Ball, location: 2F 0-2: Ball 1-2: Foul Ball, location: 2F 1-2: Fly out, F7 (Flyball, 78D, EV 81.3 MPH)
|
| Bottom of the 2nd over - 4 runs, 4 hits, 1 error, 2 left on base; Boston 2 - Chicago 5 |
| TOP OF THE 3RD |
|
Boston Red Sox batting - Pitching for Chicago White Sox : LHP John Candelaria
|
|
Batting: SHB Reggie Smith
|
0-0: Ball 1-0: Ball 2-0: Foul Ball, location: 2F 2-1: Foul Ball, location: 2F 2-2: Foul Ball, location: 2F 2-2: Fly out, F9 (Flyball, 9D, EV 93.1 MPH)
|
|
Pitching: RHP Don Wilson
|
|
|
Batting: LHB George Brett
|
0-0: SINGLE (Groundball, 6MD, EV 95.6 MPH)
|
|
Batting: RHB Richie Zisk
|
0-0: Foul Ball, location: 2F 0-1: Ball 1-1: Grounds into double play, 4-6-3 (Groundball, 4, EV 105.0 MPH)
|
| Top of the 3rd over - 0 runs, 1 hit, 0 errors, 0 left on base; Boston 2 - Chicago 5 |
| BOTTOM OF THE 3RD |
|
Chicago White Sox batting - Pitching for Boston Red Sox : LHP Mark Thurmond
|
|
Batting: LHB Ryan MacFarland
|
0-0: Swinging Strike 0-1: Ball 1-1: Foul Ball, location: 2F 1-2: Ball 2-2: Ball 3-2: Strikes out looking
|
|
Batting: RHB Jose Castro
|
0-0: Called Strike 0-1: Ball 1-1: Foul Ball, location: 2F 1-2: Ground out 6-3 (Groundball, 6, EV 89.4 MPH)
|
|
Batting: SHB Kevin King
|
0-0: Called Strike 0-1: Swinging Strike 0-2: Ball 1-2: Ground out 6-3 (Groundball, 6, EV 81.9 MPH)
|
| Bottom of the 3rd over - 0 runs, 0 hits, 0 errors, 0 left on base; Boston 2 - Chicago 5 |
| TOP OF THE 4TH |
|
Boston Red Sox batting - Pitching for Chicago White Sox : RHP Don Wilson
|
|
Batting: RHB Mark Grady
|
0-0: Ball 1-0: Swinging Strike 1-1: Fly out, F3 (Popup, 3S, EV 74.4 MPH)
|
|
Batting: SHB Scotti Madison
|
0-0: Fly out, F9 (Flyball, 9S, EV 82.5 MPH)
|
|
Batting: LHB Daryl Sconiers
|
0-0: Ball 1-0: Ball 2-0: Ball 3-0: Called Strike 3-1: Fly out, F8 (Flyball, 78D, EV 89.4 MPH)
|
| Top of the 4th over - 0 runs, 0 hits, 0 errors, 0 left on base; Boston 2 - Chicago 5 |
| BOTTOM OF THE 4TH |
|
Chicago White Sox batting - Pitching for Boston Red Sox : LHP Mark Thurmond
|
|
Batting: LHB Steve Christmas
|
0-0: Ball 1-0: SINGLE (Groundball, 4MD, EV 101.9 MPH)
|
|
Batting: SHB Dwayne Taggart
|
0-0: Ball 1-0: Ball 2-0: Called Strike 2-1: Foul Ball, location: 2F 2-2: Foul Ball, location: 2F 2-2: Strikes out swinging
|
|
Batting: RHB Jim Wynn
|
0-0: Ball 1-0: Ball 2-0: Foul Ball, location: 2F 2-1: Swinging Strike 2-2: Strikes out swinging
|
|
Batting: RHB Brian Downing
|
0-0: Ball 1-0: Ball 2-0: Called Strike 2-1: Fly out, F9 (Flyball, 89XD, EV 91.9 MPH)
|
| Bottom of the 4th over - 0 runs, 1 hit, 0 errors, 1 left on base; Boston 2 - Chicago 5 |
| TOP OF THE 5TH |
|
Boston Red Sox batting - Pitching for Chicago White Sox : RHP Don Wilson
|
|
Batting: SHB Harry Chappas
|
0-0: Ground out U3 (Groundball, 34S, EV 63.1 MPH)
|
|
Batting: LHB Claudell Washington
|
0-0: Ball 1-0: Called Strike 1-1: Ball 2-1: Ball 3-1: DOUBLE (Line Drive, 9LM, EV 100.6 MPH)
|
|
Batting: SHB Dave Collins
|
0-0: Ball 1-0: Called Strike 1-1: Called Strike 1-2: Strikes out looking
|
|
Batting: SHB Reggie Smith
|
0-0: Ball 1-0: Ball 2-0: Fly out, F8 (Line Drive, 8RM, EV 101.9 MPH)
|
| Top of the 5th over - 0 runs, 1 hit, 0 errors, 1 left on base; Boston 2 - Chicago 5 |
| BOTTOM OF THE 5TH |
|
Chicago White Sox batting - Pitching for Boston Red Sox : LHP Mark Thurmond
|
|
Pitching: LHP Victor Rose
|
|
|
Batting: RHB Tim Teufel
|
0-0: Ball 1-0: Fly out, F9 (Flyball, 9, EV 87.5 MPH)
|
|
Batting: RHB Bob Bailey
|
0-0: Ball 1-0: Ball 2-0: Ball 3-0: Called Strike 3-1: Foul Ball, location: 2F 3-2: Foul Ball, location: 2F 3-2: Foul Ball, location: 2F 3-2: Base on Balls
|
|
Batting: LHB Ryan MacFarland
|
Pickoff Throw to First - Out! 1-3 0-0: Ball 1-0: Ball 2-0: Foul Ball, location: 2F 2-1: Foul Ball, location: 2F 2-2: Fly out, F8 (Flyball, 8RD, EV 91.9 MPH)
|
| Bottom of the 5th over - 0 runs, 0 hits, 0 errors, 0 left on base; Boston 2 - Chicago 5 |
| TOP OF THE 6TH |
|
Boston Red Sox batting - Pitching for Chicago White Sox : RHP Don Wilson
|
|
Batting: LHB George Brett
|
0-0: SINGLE (Flyball, 9S, EV 90.6 MPH)
|
|
Batting: RHB Richie Zisk
|
0-0: Called Strike 0-1: Ball 1-1: Ball 2-1: Ball 3-1: Base on Balls George Brett to second
|
|
Batting: RHB Mark Grady
|
0-0: Ball 1-0: Called Strike 1-1: SINGLE (Flyball, 3D, EV 94.4 MPH) George Brett to third Richie Zisk to second
|
|
Batting: SHB Scotti Madison
|
0-0: Ball 1-0: Swinging Strike 1-1: Foul Ball, location: 2F 1-2: Grounds into double play, 6-2-3 (Groundball, 56, EV 78.8 MPH) Richie Zisk to third Mark Grady to second
|
|
Batting: LHB Daryl Sconiers
|
0-0: Foul Ball, location: 2F 0-1: Ground out 4-3 (Groundball, 4, EV 81.3 MPH)
|
| Top of the 6th over - 0 runs, 2 hits, 0 errors, 2 left on base; Boston 2 - Chicago 5 |
| BOTTOM OF THE 6TH |
|
Chicago White Sox batting - Pitching for Boston Red Sox : LHP Victor Rose
|
|
Batting: RHB Jose Castro
|
0-0: Called Strike 0-1: Ground out 4-3 (Groundball, 34, EV 97.5 MPH)
|
|
Batting: SHB Kevin King
|
0-0: Ball 1-0: Called Strike 1-1: Ball 2-1: Foul Ball, location: 2F 2-2: Strikes out swinging
|
|
Batting: LHB Steve Christmas
|
0-0: Foul Ball, location: 2F 0-1: Called Strike 0-2: Foul Ball, location: 2F 0-2: Ball 1-2: Ground out 4-3 (Groundball, 4S, EV 66.9 MPH)
|
| Bottom of the 6th over - 0 runs, 0 hits, 0 errors, 0 left on base; Boston 2 - Chicago 5 |
| TOP OF THE 7TH |
|
Boston Red Sox batting - Pitching for Chicago White Sox : RHP Don Wilson
|
|
Batting: SHB Harry Chappas
|
0-0: Ball 1-0: Foul Ball, location: 2F 1-1: Called Strike 1-2: Ball 2-2: Ball 3-2: Foul Ball, location: 2F 3-2: Base on Balls
|
|
Pinch Hitting: LHB Larry Harlow
|
0-0: Ball 1-0: Bunted foul 1-1: Bunted foul 1-2: Foul Ball, location: 2F 1-2: Foul Ball, location: 2F 1-2: Ball 2-2: Ball 3-2: Foul Ball, location: 2F 3-2: Base on Balls Harry Chappas to second
|
|
Pinch Hitting: LHB Steven Mobberley
|
0-0: Fielders Choice at 2nd, 1-6 (Groundball, 13, EV 71.3 MPH) Harry Chappas to third
|
|
Pitching: RHP Mike Morgan
|
|
|
Batting: LHB Willie Aikens
|
0-0: Called Strike 0-1: Called Strike 0-2: Ball 1-2: Fly out, F8 (Flyball, 89M, EV 91.9 MPH) Runner from 3rd tags up, SCORES, throw by CF
|
|
Pinch Hitting: SHB Nelson Norman
|
0-0: Called Strike 0-1: Ball 1-1: Called Strike 1-2: Ball 2-2: SINGLE (Line Drive, 7S, EV 92.5 MPH) Steven Mobberley to second
|
|
Pinch Hitting: SHB Albert Hall
|
0-0: Swinging Strike 0-1: Foul Ball, location: 2F 0-2: Strikes out swinging
|
| Top of the 7th over - 1 run, 1 hit, 0 errors, 2 left on base; Boston 3 - Chicago 5 |
| BOTTOM OF THE 7TH |
|
Chicago White Sox batting - Pitching for Boston Red Sox : LHP Victor Rose
|
|
Now at 1B: Steven Mobberley
|
|
|
Now at 3B: Nelson Norman
|
|
|
Now in LF: Albert Hall
|
|
|
Now in RF: Larry Harlow
|
|
|
Pinch Hitting: RHB Mike A Marshall
|
0-0: Swinging Strike 0-1: Fly out, F4 (Popup, 3S, EV 71.9 MPH)
|
|
Pinch Hitting: LHB Mitchell Page
|
0-0: Ball 1-0: Foul Ball, location: 2F 1-1: Fly out, F9 (Flyball, 9LS, EV 88.1 MPH)
|
|
Batting: RHB Mike Heath
|
0-0: Ball 1-0: Foul Ball, location: 2F 1-1: Swinging Strike 1-2: Foul Ball, location: 2F 1-2: Ball 2-2: Strikes out swinging
|
| Bottom of the 7th over - 0 runs, 0 hits, 0 errors, 0 left on base; Boston 3 - Chicago 5 |
| TOP OF THE 8TH |
|
Boston Red Sox batting - Pitching for Chicago White Sox : RHP Mike Morgan
|
|
Now at 1B: Mike A Marshall
|
|
|
Now in CF: Rudy Law
|
|
|
Now in RF: Mitchell Page
|
|
|
Pinch Hitting: RHB Luis Salazar
|
0-0: Ball 1-0: Foul Ball, location: 2F 1-1: Foul Ball, location: 2F 1-2: Ground out 4-3 (Groundball, 4, EV 81.3 MPH)
|
|
Batting: SHB Scotti Madison
|
0-0: Ball 1-0: Ball 2-0: Ball 3-0: Base on Balls
|
|
Pinch Hitting: RHB Tito Landrum
|
0-0: Ball 1-0: DOUBLE (Flyball, 78D, EV 113.8 MPH) Scotti Madison to third Runner from 3rd tries for Home, SAFE, throw by CF to home
|
|
Pitching: RHP Dave Stewart
|
|
|
Pinch Hitting: RHB Kevin Klettke
|
0-0: Called Strike 0-1: Ball 1-1: Foul Ball, location: 2F 1-2: Strikes out looking
|
|
Batting: LHB Larry Harlow
|
0-0: Foul Ball, location: 2F 0-1: Ball 1-1: Foul Ball, location: 2F 1-2: Ball 2-2: Strikes out swinging
|
| Top of the 8th over - 1 run, 1 hit, 0 errors, 1 left on base; Boston 4 - Chicago 5 |
| BOTTOM OF THE 8TH |
|
Chicago White Sox batting - Pitching for Boston Red Sox : LHP Victor Rose
|
|
Now at 2B: Kevin Klettke
|
|
|
Now at SS: Luis Salazar
|
|
|
Now in CF: Tito Landrum
|
|
|
Pinch Hitting: SHB Ozzie Smith
|
0-0: Called Strike 0-1: Ball 1-1: Fly out, F7 (Flyball, 78D, EV 104.4 MPH)
|
|
Batting: LHB Rudy Law
|
0-0: Ball 1-0: Ball 2-0: Ball 3-0: Called Strike 3-1: Fly out, F6 (Line Drive, 6, EV 73.8 MPH)
|
|
Pinch Hitting: SHB Wayne Tolleson
|
0-0: Ball 1-0: Ball 2-0: Called Strike 2-1: Swinging Strike 2-2: Ball 3-2: Strikes out looking
|
| Bottom of the 8th over - 0 runs, 0 hits, 0 errors, 0 left on base; Boston 4 - Chicago 5 |
| TOP OF THE 9TH |
|
Boston Red Sox batting - Pitching for Chicago White Sox : RHP Dave Stewart
|
|
Now at 2B: Ozzie Smith
|
|
|
Now at 3B: Brian Harper
|
|
|
Batting: LHB Steven Mobberley
|
0-0: Foul Ball, location: 2F 0-1: Swinging Strike 0-2: Ball 1-2: Foul Ball, location: 2F 1-2: Foul Ball, location: 2F 1-2: Fly out, F9 (Flyball, 89M, EV 82.5 MPH)
|
|
Batting: LHB Willie Aikens
|
0-0: Ball 1-0: Called Strike 1-1: Swinging Strike 1-2: Ball 2-2: Foul Ball, location: 2F 2-2: Strikes out swinging
|
|
Pinch Hitting: LHB Ted May
|
0-0: Foul Ball, location: 2F 0-1: Ball 1-1: Swinging Strike 1-2: Strikes out swinging
|
| Top of the 9th over - 0 runs, 0 hits, 0 errors, 0 left on base; Boston 4 - Chicago 5 |
|